 Dungeon Crawl Stone Soup version 0.30-a0-696-g2367cd04db (webtiles) character file.

Game seed: 9969113403328178919

557 bande the Chopper (level 7, -4/44 HPs)
             Began as a Gargoyle Fighter on Jan 20, 2023.
             Was an Initiate of Okawaru.
             Killed from afar by Blork the orc (7 damage)
             ... with a puff of flame
             ... on level 5 of the Dungeon.
             The game lasted 00:06:03 (3168 turns).

bande the Chopper (Gargoyle Fighter)                Turns: 3168, Time: 00:06:04

Health: -4/44      AC: 20    Str: 20    XL:     7   Next: 30%
Magic:  7/7        EV:  7    Int:  8    God:    Okawaru [......]
Gold:   159        SH:  4    Dex: 11    Spells: 6/6 levels left

rFire   . . .      SeeInvis .    a - +0 war axe
rCold   . . .      Faith    .    c - +0 buckler
rNeg    + . .      Spirit   .    y - +0 chain mail
rPois   ∞          Reflect  .    t - +1 helmet of the Game of Life {Stlth+}
rElec   +          Harm     .    E - +0 cloak
rCorr   .          Rampage  .    l - +0 pair of gloves
Will    .....                    D - +0 pair of boots Stlth
                                 j - amulet of regeneration
HPRegen 1.07/turn                r - ring of willpower
MPRegen 0.10/turn                (no ring)

@: weak-willed
A: sickness immunity, AC +4, negative energy resistance 1, electricity
resistance, torment resistance 1, petrification resistance
a: Renounce Religion


You were on level 5 of the Dungeon.
You worshipped Okawaru.
Okawaru was noncommittal.
You visited 2 branches of the dungeon, and saw 6 of its levels.

You collected 159 gold pieces.

Inventory:

Hand Weapons
 a - a +0 war axe (weapon)
 b - a +1 vampiric hand axe
 u - a +0 flail
Armour
 c - a +0 buckler (worn)
 l - a +0 pair of gloves (worn)
 t - the +1 helmet of the Game of Life (worn) {Stlth+}
   (You took it off Robin on level 2 of the Dungeon)

   Stlth:     It makes you more stealthy.
 y - a +0 chain mail (worn)
 D - a +0 pair of boots (worn)
 E - a +0 cloak (worn)
Jewellery
 j - an amulet of regeneration (around neck)
 r - a ring of willpower (left hand)
Wands
 v - a wand of flame (16)
Scrolls
 f - a scroll of amnesia
 h - 2 scrolls of teleportation
 o - a scroll of poison
 w - a scroll of enchant weapon {unknown}
 z - a scroll of identify {unknown}
 A - a scroll of acquirement {unknown}
 B - a scroll of magic mapping {unknown}
 C - a scroll of butterflies {unknown}
Potions
 d - a potion of might
 e - a potion of degeneration {unknown}
 i - a potion of ambrosia {unknown}
 m - a potion of attraction {unknown}
 n - 2 potions of curing {unknown}
 p - 2 potions of brilliance {unknown}
 s - a potion of flight {unknown}
 x - 3 potions of mutation {unknown}


   Skills:
 + Level 4.6 Fighting
 + Level 5.1 Axes
 + Level 4.7 Armour
 + Level 4.3 Shields
 * Level 1.2 Evocations


You had 6 spell levels left.
You didn't know any spells.
Your spell library contained the following spells:

 Spells                   Type           Power      Damage    Failure   Level
 Orb of Destruction       Conj           0%         9d5       100%        7
 Summon Guardian Golem    Hex/Summ       Unusable   N/A       N/A         3
 Spellforged Servitor     Conj/Summ      Unusable   N/A       N/A         7

Dungeon Overview and Level Annotations

Branches:
Dungeon (5/15)             Temple (1/1) D:4

Altars:
Ashenzari
Cheibriados
Dithmenos
Fedhas
Hepliaklqana
Kikubaaqudgha
Makhleb
Nemelex Xobeh
Okawaru
Sif Muna
Vehumet
Wu Jian
Yredelemnul
Zin
The Shining One

Shops:
D:1 (

Annotations:
D:5 Blork the orc


Innate Abilities, Weirdness & Mutations

You are immune to sickness and miasma.
Your stone body is resilient. (AC +4)
You are immune to poison.
You resist negative energy. (rN+)
You are resistant to electric shocks. (rElec)
You are resistant to unholy torment.
You are immune to petrification.


Message History

You hit the dart slug.
Blork the orc hits you with a +0 glaive!
Blork the orc casts a spell at you. The magic dart hits you!
* * * LOW HITPOINT WARNING * * *
The dart slug bites you but does no damage.
You completely miss Blork the orc.
Blork the orc is severely wounded.
You barely miss the dart slug.
Blork the orc gestures at you while chanting.
The puff of frost misses you.
Blork the orc points at you and mumbles some strange words.
The puff of flame hits you!
* * * LOW HITPOINT WARNING * * *
The dart slug launches a dart at you.
The slug dart hits you but does no damage.
You closely miss Blork the orc.
Blork the orc is severely wounded.
You hit the dart slug but do no damage.
Blork the orc points at you and mumbles some strange words.
The puff of flame hits you.
* * * LOW HITPOINT WARNING * * *
Blork the orc screams, "I'll eat your brain!
And then I'll vomit it back up!"
Blork the orc hits you but does no damage.
The dart slug launches a dart at you. You block the slug dart.
You hit Blork the orc but do no damage.
Blork the orc is severely wounded.
You hit the dart slug.
You kill the dart slug!
Okawaru accepts your kill.
Blork the orc hits you with a +0 glaive!
* * * LOW HITPOINT WARNING * * *
You block Blork the orc's attack.
You hit Blork the orc.
Blork the orc is almost dead.
Blork the orc barely misses you. Blork the orc casts a spell at you.
The puff of flame hits you!
You die...

#.# #. ##.#
#.##..#
#.#...#
#.....#
#.....#
#..)))# ##
#..)..###....
#....@o......
#.....###.###
#.#..........
#.#.####..###
#... .# #.#.
# ..... #.#
## #.


You could see Blork the orc (fast).

Vanquished Creatures
  Sigmund (D:3)
  A kobold brigand (D:4)
  A scorpion (D:4)
  A jelly (D:4)
  Jessica (D:2)
  Terence (D:3)
  Robin (D:2)
  2 adders (D:3)
  A gnoll (D:5)
  An ufetubus (D:4)
  2 worms
  4 dart slugs
  An orc (D:4)
  5 bats
  7 endoplasms
  8 giant cockroaches
  11 goblins
  13 hobgoblins
  12 jackals
  17 kobolds
  2 quokkas (D:3)
  10 ball pythons
  5 frilled lizards
  7 rats
115 creatures vanquished.

Notes
Turn   | Place    | Note
-------+----------+-------------------------------------------
     0 | D:1      | bande the Gargoyle Fighter began the quest for the Orb.
     0 | D:1      | Reached XP level 1. HP: 14/14 MP: 1/1
    48 | D:1      | Reached XP level 2. HP: 19/19 MP: 2/2
    62 | D:1      | Found Koczes's Antique Weapon Boutique.
    95 | D:1      | Upgraded the game from 0.30-a0-691-g754fce4c43 to
                  | 0.30-a0-696-g2367cd04db
   102 | D:1      | Reached skill level 2 in Axes
   245 | D:1      | Reached XP level 3. HP: 16/23 MP: 3/3
   973 | D:2      | Reached XP level 4. HP: 28/29 MP: 4/4
  1136 | D:2      | Found a burning altar of Makhleb.
  1315 | D:2      | Noticed Jessica
  1320 | D:2      | Reached skill level 3 in Axes
  1330 | D:2      | Killed Jessica
  1330 | D:2      | Identified the +1 helmet of the Game of Life {Stlth+}
  1330 | D:2      | Noticed Robin
  1349 | D:2      | Killed Robin
  1661 | D:3      | Noticed Terence
  1668 | D:3      | Killed Terence
  1669 | D:3      | Reached XP level 5. HP: 22/33 MP: 5/5
  1755 | D:3      | Found a snail-covered altar of Cheibriados.
  1820 | D:3      | Noticed Sigmund
  1830 | D:3      | Killed Sigmund
  1831 | D:3      | Reached skill level 4 in Axes
  1831 | D:3      | Reached XP level 6. HP: 38/39 MP: 6/6
  2132 | D:3      | Found a broken altar of Ashenzari.
  2710 | D:4      | Reached XP level 7. HP: 44/44 MP: 7/7
  2770 | D:4      | Reached skill level 5 in Axes
  2770 | D:4      | Reached skill level 1 in Evocations
  2836 | D:4      | Found a staircase to the Ecumenical Temple.
  2845 | Temple   | Entered the Ecumenical Temple
  2907 | Temple   | Became a worshipper of Warmaster Okawaru
  3135 | D:5      | Entered Level 5 of the Dungeon
  3141 | D:5      | Noticed Blork the orc
  3167 | D:5      | HP: 2/44 [Blork the orc/+0 glaive (7)]
  3168 | D:5      | Killed from afar by Blork the orc

Illustrated notes

Levels and vault maps discovered:
D:1:      dpeg_arrival_court, layout_rooms, serial_shops, shop, corner_web_ring,
          minmay_door_square
D:2:      layout_basic, basic_altar, nicolae_wormholes, uniq_jessica, uniq_robin
D:3:      layout_loops_ring, mainiacjoe_overflow_tiny_flanked,
          general_overflow_altar, uniq_sigmund, uniq_terence
D:4:      cheibrodos_thug_alley, layout_cave_pools,
          minmay_temple_entry_glassed_door
D:5:      layout_loops_ring, lemuel_tele_altar, enter_ossuary_1,
          nrook_loot_triangle, hangedman_decor_peaks_small, sigmund_army,
          uniq_blork_the_orc
Temple:   dshaligram_water_room_temple

Skill      XL: |  1  2  3  4  5  6  7 |
---------------+----------------------+-----
Axes           | 2 3 4 5 |  5.1
Fighting       | 4 |  4.6
Shields        | 4 |  4.3
Armour         | 4 |  4.7
Evocations     | 1 |  1.2

Action                   |  1- 3 |  4- 6 |  7- 9 || total
-------------------------+-------+-------+-------++-------
Melee: War axe           |    94 |   155 |    54 ||   303
  Use: Scroll            |       |       |     6 ||     6
Armor: Scale mail        |    49 |    55 |       ||   104
       Chain mail        |       |    41 |    46 ||    87
Dodge: Dodged            |    49 |    96 |    29 ||   174
Block: Buckler           |    19 |    33 |    22 ||    74

Table legend: (Time is in decaauts)
 A = Elapsed time spent in this place.
 B = Non-inter-level travel time spent in this place.
 C = Inter-level travel time spent in this place.
 D = Time resting spent in this place.
 E = Time spent auto-exploring this place.
 F = Levels seen in this place.
 G = Mean time per level.
                   A        B        C        D        E       F      G
               +--------+--------+--------+--------+--------+-----+--------+
         Total |   3274 |   3252 |     22 |    168 |   2145 |   6 |  545.7 |
       Dungeon |   3191 |   3169 |     22 |    168 |   2102 |   5 |  638.2 |
        Temple |     82 |     82 |      0 |      0 |     43 |   1 |   82.0 |
               +--------+--------+--------+--------+--------+-----+--------+

Top non-repeatable levels by time:
     D:2: 1006 daAuts
     D:3: 818 daAuts
     D:1: 697 daAuts
     D:4: 631 daAuts
  Temple: 82 daAuts
     D:5: 39 daAuts
